 Dungeon Crawl Stone Soup version 0.29-a0-419-g77450f2105 (webtiles) character file.

Game seed: 5269052389101621154

4 Gargoyl the Skirmisher (level 1, -1/14 HPs)
             Began as a Gargoyle Berserker on May 18, 2022.
             Was a Follower of Trog.
             Slain by a ball python (3 damage)
             ... on level 1 of the Dungeon.
             The game lasted 00:00:25 (513 turns).

Gargoyl the Skirmisher (Gargoyle Berserker)          Turns: 513, Time: 00:00:26

Health: -1/14      AC:  4    Str: 20    XL:     1   Next: 70%
Magic:  1/1        EV:  9    Int:  7    God:    Trog [*.....]
Gold:   0          SH:  0    Dex:  9    Spells: 0/0 levels left

rFire   . . .      SeeInvis .   a - +0 hand axe
rCold   . . .      Faith    .   (no shield)
rNeg    + . .      Spirit   .   b - +0 animal skin
rPois   ∞          Reflect  .   (no helmet)
rElec   +          Harm     .   (no cloak)
rCorr   .          Rampage  .   (no gloves)
Will    .....                   (no boots)
Stlth   +.........              (no amulet)
HPRegen 0.04/turn               (no ring)
MPRegen 0.07/turn               (no ring)

@: constricted
A: sickness immunity, AC +2, negative energy resistance 1, electricity
resistance, torment resistance 1, petrification resistance
a: Renounce Religion, Berserk


You were on level 1 of the Dungeon.
You worshipped Trog.
Trog was aware of your devotion.
You visited 1 branch of the dungeon, and saw 1 of its levels.

Inventory:

Hand Weapons
 a - a +0 hand axe (weapon)
Armour
 b - a +0 animal skin (worn)
 f - a +0 pair of gloves
Potions
 c - a potion of curing {unknown}
 d - a potion of brilliance {unknown}
 e - a potion of lignification {unknown}


   Skills:
 + Level 3.3 Fighting
 + Level 2.8 Axes
 + Level 2.2 Armour
 + Level 1.7 Dodging


You couldn't memorise any spells.
You didn't know any spells.
Your spell library was empty.

Dungeon Overview and Level Annotations

Branches:
Dungeon (1/15)

Altars:


Innate Abilities, Weirdness & Mutations

You are immune to sickness and miasma.
Your stone body is resilient. (AC +2)
You are immune to poison.
You resist negative energy. (rN+)
You are resistant to electric shocks. (rElec)
You are resistant to unholy torment.
You are immune to petrification.


Message History

d - a sapphire potion
e - a glowing sapphire potion
Found a pair of gloves.
You see here a +0 pair of gloves.
A ball python and a rat come into view.
You see here a +0 pair of gloves.
f - a +0 pair of gloves You open the door.
A sourceless malevolence fills the Dungeon... and a teleportation trap spontaneously manifests!
You are yanked towards some nearby monsters!
Your surroundings suddenly seem different.
An endoplasm, 2 ball pythons and a goblin come into view.
The endoplasm quivers.
The ball python hisses angrily. x2
The ball python completely misses you. The ball python grabs you.
The ball python constricts you. The ball python barely misses you.
The goblin moves out of view.
You hear an angry hiss.
The ball python barely misses you. The ball python constricts you.
Keep equipping yourself?
The endoplasm hits you. The ball python bites you.
You start putting on your armour.
You continue putting on your +0 pair of gloves.
The ball python bites you but does no damage.
The ball python constricts you.
The endoplasm hits you but does no damage.
The ball python bites you but does no damage.
The ball python constricts you.
You continue putting on your +0 pair of gloves.
The ball python barely misses you.
The ball python bites you but does no damage.
The ball python barely misses you. The ball python constricts you.
The endoplasm completely misses you.
You continue putting on your +0 pair of gloves.
The ball python bites you.
* * * LOW HITPOINT WARNING * * *
The ball python bites you.
* * * LOW HITPOINT WARNING * * *
The ball python bites you.
You die...

... .. .. #.
. #. ...##
.#
#....##J##.#
#S@S...#
##S###.# ..#
####


You could see an endoplasm and 3 ball pythons.

Vanquished Creatures
  2 giant cockroaches (D:1)
  A goblin (D:1)
  A kobold (D:1)
4 creatures vanquished.

Notes
Turn   | Place    | Note
-------+----------+-------------------------------------------
     0 | D:1      | Gargoyl the Gargoyle Berserker began the quest for the Orb.
     0 | D:1      | Reached XP level 1. HP: 14/14 MP: 1/1
   513 | D:1      | Slain by a ball python

Illustrated notes

Levels and vault maps discovered:
D:1:      evilmike_arrival_crescent, layout_loops_corners, minmay_tromino_v7

Action                   || total
-------------------------++-------
Melee: Hand axe          ||    33
Armor: Animal skin       ||    11
Dodge: Dodged            ||    30

Table legend: (Time is in decaauts)
 A = Elapsed time spent in this place.
 B = Non-inter-level travel time spent in this place.
 C = Inter-level travel time spent in this place.
 D = Time resting spent in this place.
 E = Time spent auto-exploring this place.
 F = Levels seen in this place.
 G = Mean time per level.
                   A        B        C        D        E       F      G
               +--------+--------+--------+--------+--------+-----+--------+
         Total |    518 |    518 |      0 |      0 |    436 |   1 |  518.0 |
       Dungeon |    518 |    518 |      0 |      0 |    436 |   1 |  518.0 |
               +--------+--------+--------+--------+--------+-----+--------+

Top non-repeatable levels by time:
     D:1: 518 daAuts
